 Dungeon Crawl Stone Soup version 0.31-a0-743-g45f7035092 (webtiles) character file.

Game seed: 2301466474016267903

114 iamoutofideas the Chopper (level 4, -4/41 HPs)
             Began as a Hill Orc Berserker on Sept 12, 2023.
             Was a Believer of Trog.
             Succumbed to an orc wizard's poison
             ... on level 3 of the Dungeon.
             The game lasted 00:01:56 (1680 turns).

iamoutofideas the Chopper (Hill Orc Berserker)      Turns: 1680, Time: 00:01:56

Health: -4/41      AC:  5    Str: 21    XL:     4   Next: 98%
Magic:  4/4        EV: 16    Int:  7    God:    Trog [**....]
Gold:   89         SH:  0    Dex: 10    Spells: 3/3 levels left

rFire   + . .        a - +0 hand axe
rCold   . . .        (no shield)
rNeg    . . .        g - +1 leather armour {rF+}
rPois   .            (no helmet)
rElec   .            l - +0 cloak
rCorr   +            (no gloves)
SInv    .            (no boots)
Will    ++...        (no amulet)
Stlth   +            m - +5 ring of evasion
HPRegen 1.26/turn    i - ring of resist corrosion
MPRegen 0.09/turn

%: no passive effects
@: lethally poisoned (-4 -> -12), about to teleport, strong-willed, on berserk
cooldown, regenerating, slowed, invisible, very slow
A: no striking features
a: Renounce Religion, Berserk, Trog's Hand


You were on level 3 of the Dungeon.
You worshipped Trog.
Trog was pleased with you.
You visited 1 branch of the dungeon, and saw 3 of its levels.

You collected 89 gold pieces.

Inventory:

Hand Weapons
 a - a +0 hand axe (weapon)
 b - the +7 spear of Kekh {spect, Fragile rElec Int+8 Dex-3}
   (You found it on level 3 of the Dungeon)

   Int+8:     It affects your intelligence (+8).
   Dex-3:     It affects your dexterity (-3).
   rElec:     It insulates you from electricity.
   Fragile:   It will be destroyed if unequipped.
Armour
 g - a +1 leather armour of fire resistance (worn)
 l - a +0 cloak (worn)
Jewellery
 i - a ring of resist corrosion (right hand)
 j - a ring of positive energy
 m - a +5 ring of evasion (left hand)
Scrolls
 e - a scroll of immolation {unknown}
 h - a scroll of identify {unknown}
 k - a scroll of poison {unknown}


   Skills:
 + Level 4.6 Fighting
 + Level 5.9 Axes
 + Level 2.6 Armour
 + Level 2.0 Dodging


You had 3 spell levels left.
You didn't know any spells.
Your spell library contained the following spells:

 Spells                   Type           Power      Damage    Failure   Level
 Inner Flame              Hex/Fire       0%         N/A       85%         3
 Flame Wave               Conj/Fire      0%         2d4       99%         4
 Passage of Golubria      Tloc           0%         N/A       99%         4
 Sticky Flame             Conj/Fire      0%         2d3       99%         4
 Silence                  Hex/Air        0%         N/A       100%        5
 Lehudib's Crystal Spear  Conj/Erth      0%         10d2      100%        8


Dungeon Overview and Level Annotations

Branches:
Dungeon (3/15)

Altars:


Message History

Something hits you.
You are lethally poisoned!
Things that are here:
a +0 dagger; a +0 scale mail; a frilled lizard corpse Unknown command.
Your skin crawls.
You feel strong-willed.
You feel very sick. Something barely misses you. Something hits you.
* * * LOW HITPOINT WARNING * * *
You are lethally poisoned!
Unknown command.
Unknown command.
It was a potion of curing.
You feel better.
You hear some strange, mumbled words.
Something tries to affect you, but you resist.
Something hits you but does no damage. Something hits you.
You are poisoned.
Something hits you but does no damage.
It was a potion of invisibility.
You fade into invisibility!
You feel very sick. Something hits you but does no damage. Something hits you.
* * * LOW HITPOINT WARNING * * *
You are more poisoned.
As you read the scroll labelled TIOPEO NU AXEU, it crumbles to dust.
You feel strangely unstable.
It was a scroll of teleportation.
* * * LOW HITPOINT WARNING * * *
You feel very sick. Something hits you but does no damage.
You are lethally poisoned!
Something hits you.
* * * LOW HITPOINT WARNING * * *
Something hits you.
* * * LOW HITPOINT WARNING * * *
Something barely misses you.
You aren't carrying any potions.
Unknown command.
You closely miss something. x2
You die...

###†........##.
#...........###
#.).........##
####''####.....<##
##.$..†...##.......
##..........##...##.
##............##.....
##..............###...
##....@...........
#...
#...†.)...........
#...
#....)..####......
#... #......## #....
#... #......# ... #...
#......# #... #......#
#... #....... #...
#.!..... ####


There were no monsters in sight!

Vanquished Creatures
  An orc priest (D:3)
  2 adders
  A worm (D:2)
  3 dart slugs
  2 orcs (D:3)
  5 endoplasms
  A giant cockroach (D:1)
  4 hobgoblins
  4 jackals (D:2)
  4 kobolds
  2 quokkas (D:3)
  8 ball pythons
  3 bats
  8 frilled lizards
  3 goblins (D:2)
  6 rats
57 creatures vanquished.

Notes
Turn   | Place    | Note
-------+----------+-------------------------------------------
     0 | D:1      | iamoutofideas the Hill Orc Berserker began the quest for
                  | the Orb.
     0 | D:1      | Reached XP level 1. HP: 19/19 MP: 1/1
    72 | D:1      | Found a faded altar of an unknown god.
   125 | D:1      | Reached XP level 2. HP: 23/27 MP: 2/2
   797 | D:2      | Reached XP level 3. HP: 32/33 MP: 3/3
   871 | D:2      | Reached ** piety under Trog
  1070 | D:2      | Reached skill level 5 in Axes
  1437 | D:2      | Reached XP level 4. HP: 38/41 MP: 4/4
  1567 | D:3      | Identified the +7 spear of Kekh {spect, Fragile rElec Int+8
                  | Dex-3}
  1679 | D:3      | HP: 1/41 [something (3)]
  1680 | D:3      | Succumbed to an orc wizard's poison

Illustrated notes

Levels and vault maps discovered:
D:1:      erik_arrival_triangle_medium, layout_rooms,
          nicolae_ecumenical_snake_handling, minmay_crystal_room
D:2:      layout_loops_ring, minmay_pentomino_q4
D:3:      layout_basic, hellmonk_ghost_happy_afterlife,
          kennysheep_big_empty_room, minmay_misc_feat_square

Skill      XL: |  1  2  3  4 |
---------------+-------------+-----
Fighting       | 4 |  4.6
Axes           | 5 |  5.9
Dodging        | 2 |  2.0
Armour         | |  2.6

Action                     |  1- 3 |  4- 6 || total
---------------------------+-------+-------++-------
  Melee: Hand axe          |   125 |    34 ||   159
         Punch             |     1 |       ||     1
 Invoke: Berserk           |       |     1 ||     1
         Trog's Hand       |       |     1 ||     1
    Use: Potion            |       |     2 ||     2
         Scroll            |       |     1 ||     1
 Armour: Animal skin       |    31 |       ||    31
         Leather armour    |    39 |    34 ||    73
  Dodge: Dodged            |    95 |    31 ||   126

Table legend: (Time is in decaauts)
 A = Elapsed time spent in this place.
 B = Non-inter-level travel time spent in this place.
 C = Inter-level travel time spent in this place.
 D = Time resting spent in this place.
 E = Time spent auto-exploring this place.
 F = Levels seen in this place.
 G = Mean time per level.
                   A        B        C        D        E       F      G
               +--------+--------+--------+--------+--------+-----+--------+
         Total |   1686 |   1656 |     30 |    100 |   1207 |   3 |  562.0 |
       Dungeon |   1686 |   1656 |     30 |    100 |   1207 |   3 |  562.0 |
               +--------+--------+--------+--------+--------+-----+--------+

Top non-repeatable levels by time:
     D:2: 815 daAuts
     D:1: 706 daAuts
     D:3: 164 daAuts
